 Dungeon Crawl Stone Soup version 0.31-a0-182-gc5ef74bbde (webtiles) character file.

Game seed: 3963769362160665033

99 qw the Chopper (level 4, -5/28 HPs)
             Began as a Gargoyle Fighter on June 20, 2023.
             Killed by divine providence
             ... invoked by an orc priest
              (11 damage)
             ... on level 3 of the Dungeon.
             The game lasted 00:00:45 (1717 turns).

qw the Chopper (Gargoyle Fighter)                   Turns: 1717, Time: 00:00:45

Health: -5/28      AC: 15    Str: 21    XL:     4   Next: 72%
Magic:  4/4        EV:  9    Int:  9    God:
Gold:   100        SH:  4    Dex:  9    Spells: 3/3 levels left

rFire   . . .        Y - +0 war axe
rCold   . . .        c - +0 buckler
rNeg    + . .        b - +0 scale mail
rPois   inf          (no helmet)
rElec   +            p - +0 cloak
rCorr   .            (no gloves)
SInv    .            (no boots)
Will    .....        (no amulet) Stlth
                     n - +4 ring of protection
HPRegen 0.24/turn    (no ring)
MPRegen 0.09/turn

%: no passive effects
@: no status effects
A: sickness immunity, AC +3, negative energy resistance 1, electricity
resistance, torment resistance 1, petrification resistance
a: no special abilities


You were on level 3 of the Dungeon.
You visited 1 branch of the dungeon, and saw 3 of its levels.

You collected 100 gold pieces.


Innate Abilities, Weirdness & Mutations

You are immune to sickness and miasma.
Your stone body is resilient. (AC +3)
You are immune to poison.
You resist negative energy. (rN+)
You are resistant to electric shocks. (rElec)
You are resistant to unholy torment.
You are immune to petrification.


   Skills:
 - Level 3.2 Fighting
 + Level 4.3 Axes
 - Level 3.2 Armour
 - Level 3.2 Shields


You had 3 spell levels left.
You didn't know any spells.
Your spell library was empty.

Inventory:

Hand Weapons
 h - a +0 flail
 Y - a +0 war axe (weapon)
Armour
 b - a +0 scale mail (worn)
 c - a +0 buckler (worn)
 p - a +0 cloak (worn)
Jewellery
 n - a +4 ring of protection (left hand)
Potions
 a - a potion of brilliance {unknown}
 d - a potion of might
 e - a potion of curing
 g - a potion of ambrosia {unknown}
 i - a potion of lignification {unknown}
 j - a potion of attraction {unknown}
 m - a potion of cancellation {unknown}
 o - a potion of experience {unknown}

Dungeon Overview and Level Annotations

Branches:
Dungeon (3/15)

Altars:
Trog


Message History

The orc priest hits you but does no damage.
A kobold comes into view. It is wielding a +0 short sword.
The orc closely misses you. Something hits you but does no damage.
The orc priest hits you but does no damage.
You hit the orc priest.
The orc priest is lightly wounded.
You hit the orc. You slash something! Something hits you but does no damage.
The orc priest barely misses you. The orc barely misses you.
You slash the orc!
You kill the orc!
You hit the orc priest but do no damage.
You miss something.
The orc priest hits you with a +0 dagger.
A kobold comes into view. It is wielding a +0 whip.
Something hits you but does no damage.
You hit the orc priest.
The orc priest is heavily wounded.
You barely miss something.
The orc priest mumbles some strange prayers to Beogh against you.
Beogh smites you! Something hits you but does no damage.
The orc priest hits you but does no damage.
Something hits you but does no damage.
You hit the orc priest.
The orc priest is severely wounded.
You barely miss something. The orc priest barely misses you.
An orc comes into view. It is wielding a +0 short sword.
Something hits you but does no damage.
The ball python bites you but does no damage.
The ball python grabs you. The ball python constricts you.
The orc shouts!
You slash the ball python!
You kill the ball python!
You hit the orc priest but do no damage.
You barely miss something.
You hear a shout! x2
The orc priest invokes the aid of Beogh against you.
Beogh smites you!
You die...

.....
#...#
#...#
#...#
#<..#
#...##.#..
##..$...o.
#.###.#..
#@)# ..
#.o# .
.K.K.
.#####o.
#. ... #
.. .


You could see an orc priest, an orc and 2 kobolds.

Vanquished Creatures
  4 gnolls (D:2)
  2 adders (D:2)
  3 orcs (D:3)
  3 ball pythons
  6 bats
  An endoplasm (D:1)
  2 giant cockroaches (D:1)
  3 goblins
  4 hobgoblins (D:1)
  4 jackals (D:2)
  3 frilled lizards
  4 kobolds
  A rat (D:1)
40 creatures vanquished.

Notes
Turn   | Place    | Note
-------+----------+-------------------------------------------
     0 | D:1      | qw the Gargoyle Fighter began the quest for the Orb.
     0 | D:1      | Reached XP level 1. HP: 14/14 MP: 1/1
     0 | D:1      | 0 ||| qw: Version: 0.3-a-9-g12657ce
     0 | D:1      | 0 ||| qw: Game counter: 1421
     0 | D:1      | 0 ||| qw: Always use a shield: true
     0 | D:1      | 0 ||| qw: God list: Okawaru
     0 | D:1      | 0 ||| qw: Allow faded altars: false
     0 | D:1      | 0 ||| qw: Do Orc after D:15 true
     0 | D:1      | 0 ||| qw: Do second Lair branch before Depths: true
     0 | D:1      | 0 ||| qw: Lair rune preference: random
     0 | D:1      | 0 ||| qw: Plans: Normal, Zot:1-4, Slime:5, God:TSO, Crypt,
                  | Tomb, Abyss, Pan, Hells, Win
     0 | D:1      | 0 ||| PLANNING D:1-11
    60 | D:1      | 60 ||| Stepping ~*~*~tactically~*~*~ (stealth).
    90 | D:1      | Reached skill level 2 in Axes
   230 | D:1      | Reached XP level 2. HP: 16/19 MP: 2/2
   407 | D:1      | 407 ||| Stepping ~*~*~tactically~*~*~ (stealth).
   409 | D:1      | 409 ||| Stepping ~*~*~tactically~*~*~ (stealth).
   704 | D:1      | Reached skill level 3 in Axes
   705 | D:1      | 705 ||| Stepping ~*~*~tactically~*~*~ (stealth).
   706 | D:1      | 706 ||| Stepping ~*~*~tactically~*~*~ (stealth).
   709 | D:1      | 709 ||| Stepping ~*~*~tactically~*~*~ (stealth).
   710 | D:1      | 710 ||| Stepping ~*~*~tactically~*~*~ (stealth).
   711 | D:1      | 711 ||| Stepping ~*~*~tactically~*~*~ (stealth).
   881 | D:1      | 881 ||| UPGRADING to +0 cloak.
   886 | D:1      | 886 ||| UPGRADING to +4 ring of protection.
   887 | D:1      | 887 ||| READING scroll labelled SURPHE GISCH.
   891 | D:1      | 891 ||| READING scroll labelled WAPOCAE HAEPHO.
   992 | D:1      | 992 ||| READING scroll labelled ENEINW BANWEW.
   993 | D:1      | 993 ||| READING scroll labelled DACIAS SUCHOR.
   994 | D:1      | 994 ||| DRINKING 2 smoky brown potions.
  1021 | D:2      | Found a bloodstained altar of Trog.
  1033 | D:2      | Reached XP level 3. HP: 23/23 MP: 3/3
  1067 | D:2      | Reached XP level 4. HP: 27/28 MP: 4/4
  1069 | D:2      | Reached skill level 4 in Axes
  1145 | D:2      | 1145 ||| DROPPING +0 club.
  1148 | D:2      | 1148 ||| DROPPING +0 whip.
  1363 | D:2      | 1363 ||| Stepping ~*~*~tactically~*~*~ (stealth).
  1694 | D:2      | 1694 ||| READING scroll labelled PEMYNU POCO.
  1707 | D:3      | 1707 ||| Stepping ~*~*~tactically~*~*~ (hiding).
  1715 | D:3      | HP: 7/28 [orc priest/divine providence (11)]
  1717 | D:3      | Killed from afar by an orc priest

Levels and vault maps discovered:
D:1:      onia_arrival_mini_spirals, layout_loops_ring, serial_forest,
          infiniplex_forest_straight_2, infiniplex_forest_end_3,
          infiniplex_forest_clump_tiny, infiniplex_forest_straight_4,
          infiniplex_forest_lined_corner, infiniplex_forest_clump_long,
          grunt_decor_fettered
D:2:      layout_loops_cross, basic_altar
D:3:      layout_loops_cross

Skill      XL: |  1  2  3  4 |
---------------+-------------+-----
Axes           | 2 3 4 |  4.3
Fighting       | |  3.2
Armour         | |  3.2
Shields        | |  3.2

Action                     |  1- 3 |  4- 6 || total
---------------------------+-------+-------++-------
  Melee: War axe           |    78 |    40 ||   118
    Use: Scroll            |     4 |     1 ||     5
         Potion            |     1 |       ||     1
 Armour: Scale mail        |    53 |    31 ||    84
  Dodge: Dodged            |    41 |    24 ||    65
  Block: Buckler           |    15 |     9 ||    24

Table legend:
 A = Non-vault XP
 B = Vault XP
 C = Vault XP percentage of total XP
 D = Non-vault monster count
 E = Vault monster count
 F = Vault count percentage of total count
                 A         B        C        D         E       F
            +---------+---------+-------+---------+---------+-------
      Total |     143 |       0 |   0.0 |      40 |       0 |   0.0
            +---------+---------+-------+---------+---------+-------
        D:1 |      33 |       0 |   0.0 |      21 |       0 |   0.0
        D:2 |     100 |       0 |   0.0 |      15 |       0 |   0.0
        D:3 |      10 |       0 |   0.0 |       4 |       0 |   0.0
            +---------+---------+-------+---------+---------+-------
